 Dungeon Crawl Stone Soup version 0.25-a0-426-g7d9e569eea (webtiles) character file.

Game seed: 7066649565558904470, levelgen mode: deterministic

64 Nattfarinn the Vexing (level 3, -1/19 HPs)
             Began as a Vampire Enchanter on Jan 25, 2020.
             Slain by a gnoll (6 damage)
             ... on level 2 of the Dungeon.
             The game lasted 00:03:41 (1017 turns).

Nattfarinn the Vexing (Vampire Enchanter)           Turns: 1017, Time: 00:03:42

Health: -1/19      AC:  2    Str:  7    XL:     3   Next: 91%
Magic:  1/6        EV: 12    Int: 18    God:
Gold:   62         SH:  0    Dex: 14    Spells: 1/7 levels left

rFire    . . .     SeeInvis +   e - +0 dagger (venom)
rCold    + + .     Gourm    .   (no shield)
rNeg     + + +     Faith    .   b - +0 robe
rPois    ∞         Spirit   .   (no helmet)
rElec    .         Reflect  .   (no cloak)
rCorr    .         Harm     .   (no gloves)
MR       .....                  (no boots)
Stlth    +++++.....             (no amulet)
HPRegen  0.00/turn              (no ring)
MPRegen  0.10/turn              (no ring)

@: bloodless
A: no food, fangs 3, see invisible, unbreathing
a: Bat Form, Revivify


You were on level 2 of the Dungeon.
You were bloodless.

You visited 1 branch of the dungeon, and saw 2 of its levels.

You collected 62 gold pieces.

Inventory:

Hand Weapons
 a - a +1 dagger
 e - a +0 dagger of venom (weapon)
Armour
 b - a +0 robe (worn)
Scrolls
 d - a scroll of identify {unknown}
 g - a scroll of magic mapping {unknown}
 h - 2 scrolls of remove curse {unknown}
 k - a scroll of enchant weapon {unknown}
Potions
 c - 2 potions of curing {unknown}
 f - a potion of mutation {unknown}
 i - 2 potions of degeneration {unknown}
 j - a potion of haste {unknown}
 l - a potion of heal wounds {unknown}


   Skills:
 - Level 1.1 Short Blades
 - Level 2.1 Dodging
 + Level 5.2 Stealth
 + Level 2.5 Spellcasting
 * Level 5.7 Hexes
 + Level 1.1 Ice Magic


You had one spell level left.
You knew the following spells:

 Your Spells              Type           Power        Failure   Level  Hunger
a - Corona                Hex            ###....      1%          1    N/A
b - Ensorcelled Hibernat  Hex/Ice        ##....       6%          2    N/A
c - Tukima's Dance        Hex            ###.....     4%          3    N/A

Your spell library contained the following spells:

 Spells                   Type           Power        Failure   Level  Hunger
 Confusing Touch          Hex            ###.....     4%          3    N/A
 Dazzling Flash           Conj/Hex       ##....       16%         3    N/A

Dungeon Overview and Level Annotations

Branches:
Dungeon (2/15)

Altars:


Innate Abilities, Weirdness & Mutations

You do not eat.
You do not regenerate when monsters are visible.
You are frail without blood (-20% HP).
You can heal yourself when you bite living creatures.
You are immune to poison.
You have razor-sharp teeth.
You have supernaturally acute eyesight. (SInv)
You can survive without breathing.


Message History

The bat closely misses you. The bat hits you but does no damage.
A kobold comes into view. It is wielding a +0 short sword.
The bat completely misses you.
Your +0 spear barely misses the gnoll.
The bat hits you but does no damage. The bat hits you but does no damage.
The bat misses you.
Unknown command.
The bat hits you.
* * * LOW HITPOINT WARNING * * *
The bat hits you but does no damage. The bat barely misses you.
The bat hits you but does no damage.
Something barely misses the gnoll.
You hit the gnoll but do no damage.
The gnoll is lightly wounded.
You hit the gnoll but do no damage.
The gnoll is poisoned.
You bite the gnoll, but do no damage.
The gnoll is lightly wounded.
The gnoll hits you.
You die...

#........#
#.#####.....
#<.##.....##.#
#.##..
#..######<#..#
....... #..#
.......#......
#(.#
....#....##...
#..# #..#.#
.......> #..#
##....#####.##
##.(########..##
.. #
#...gbg@......#
##%.#########.#
#..# #K.# #...
##... .... .....


You could see 2 gnolls, a bat and a friendly +0 spear.

Vanquished Creatures
  A gnoll (D:1)
  An adder (D:2)
  An ooze (D:2)
  2 worms (D:2)
  A dart slug (D:2)
  3 leopard geckos
  2 giant cockroaches (D:1)
  3 hobgoblins
  2 bats (D:1)
  4 frilled lizards
  6 goblins
  3 kobolds (D:1)
  6 rats
35 creatures vanquished.

Notes
Turn   | Place    | Note
-------+----------+-------------------------------------------
     0 | D:1      | Nattfarinn the Vampire Enchanter began the quest for the
                  | Orb.
     0 | D:1      | Reached XP level 1. HP: 13/13 MP: 3/3
   327 | D:1      | Reached XP level 2. HP: 19/19 MP: 5/5
   339 | D:1      | Learned a level 2 spell: Ensorcelled Hibernation
   454 | D:1      | Reached skill level 5 in Hexes
   689 | D:2      | Reached XP level 3. HP: 16/24 MP: 6/6
   699 | D:2      | Learned a level 3 spell: Tukima's Dance
   712 | D:2      | Reached skill level 5 in Stealth
   890 | D:2      | Reached skill level 1 in Ice Magic
  1017 | D:2      | Slain by a gnoll

Levels and vault maps discovered:
D:1:      shiori_arrival_elements, layout_loops_ring
D:2:      layout_rooms, serial_glass, glass_columns_a, glass_columns_a,
          glass_columns_a, glass_columns_a, glass_columns_b, glass_columns_a,
          glass_columns_a, glass_columns_b

Skill      XL: |  1  2  3 |
---------------+----------+-----
Hexes          | 5 |  5.7
Stealth        | 5 |  5.2
Ice Magic      | 1 |  1.1
Short Blades   | |  1.1
Dodging        | |  2.1
Spellcasting   | |  2.5

Action                   || total
-------------------------++-------
Melee: Dagger            ||    95
       Bite              ||     8
 Cast: Tukima's Dance    ||     2
 Abil: Exsanguinate      ||     1
 Stab: Sleeping          ||     7
Armor: Robe              ||    26
Dodge: Dodged            ||    77

Table legend:
 A = Non-vault XP
 B = Vault XP
 C = Vault XP percentage of total XP
 D = Non-vault monster count
 E = Vault monster count
 F = Vault count percentage of total count
                 A         B        C        D         E       F
            +---------+---------+-------+---------+---------+-------
      Total |      92 |       0 |   0.0 |      35 |       0 |   0.0
            +---------+---------+-------+---------+---------+-------
        D:1 |      41 |       0 |   0.0 |      20 |       0 |   0.0
        D:2 |      51 |       0 |   0.0 |      15 |       0 |   0.0
            +---------+---------+-------+---------+---------+-------
